 Dungeon Crawl Stone Soup version 0.30-a0-779-g7971cf19c3 (webtiles) character file.

Game seed: 4664619996562634405

139 Dittersdorf the Shield-Bearer (level 5, -2/33 HPs)
             Began as a Gargoyle Fighter on Feb 17, 2023.
             Frozen to death by an endoplasm (5 damage)
             ... on level 3 of the Dungeon.
             The game lasted 00:02:41 (3100 turns).

Dittersdorf the Shield-Bearer (Gargoyle Fighter)    Turns: 3100, Time: 00:02:42

Health: -2/33      AC: 17    Str: 21    XL:     5   Next: 22%
Magic:  5/5        EV:  7    Int:  9    God:
Gold:   251        SH:  0    Dex:  9    Spells: 4/4 levels left

rFire   . . .      SeeInvis .    a - +0 flail
rCold   . . .      Faith    .    c - +0 buckler
rNeg    + . .      Spirit   .    h - +0 chain mail
rPois   ∞          Reflect  .    f - +1 helmet
rElec   +          Harm     .    j - +1 cloak
rCorr   .          Rampage  .    (no gloves)
Will    .....                    (no boots) Stlth
                                 (no amulet)
HPRegen 0.25/turn                (no ring)
MPRegen 0.09/turn                (no ring)

@: confused
A: sickness immunity, AC +4, negative energy resistance 1, electricity
resistance, torment resistance 1, petrification resistance
a: no special abilities


You were on level 3 of the Dungeon.
You visited 1 branch of the dungeon, and saw 4 of its levels.

You collected 251 gold pieces.

Inventory:

Hand Weapons
 a - a +0 flail (weapon)
Missiles
 p - 3 poisoned darts (quivered)
Armour
 c - a +0 buckler (worn)
 f - a +1 helmet (worn)
 h - a +0 chain mail (worn)
 j - a +1 cloak (worn)
Scrolls
 b - 5 scrolls of identify {unknown}
 g - a scroll of poison {unknown}
 k - a scroll of enchant armour {unknown}
 l - a scroll of teleportation {unknown}
 m - a scroll of blinking {unknown}
 n - a scroll of enchant weapon {unknown}
 q - a scroll of noise {unknown}
Potions
 d - a potion of might
 e - 6 potions of attraction {unknown}
 i - 2 potions of brilliance {unknown}
 o - 2 potions of ambrosia {unknown}


   Skills:
 + Level 4.2 Fighting
 + Level 3.1 Maces & Flails
 + Level 4.2 Armour
 + Level 4.3 Shields


You had 4 spell levels left.
You didn't know any spells.
Your spell library contained the following spells:

 Spells                   Type           Power      Damage    Failure   Level
 Beastly Appendage        Tmut           0%         N/A       99%         1
 Wereblood                Tmut           0%         N/A       100%        2
 Gell's Gravitas          Tloc           0%         N/A       100%        3
 Portal Projectile        Hex/Tloc       0%         N/A       100%        3
 Spider Form              Tmut/Pois      0%         N/A       100%        3
 Teleport Other           Tloc           0%         N/A       100%        3
 Tukima's Dance           Hex            0%         N/A       100%        3
 Blade Hands              Tmut           0%         N/A       100%        5
 Dispersal                Tloc           0%         N/A       100%        6


Dungeon Overview and Level Annotations

Branches:
Dungeon (4/15)
 Temple: D:4-7

Altars:
Dithmenos
Ru

Shops:
D:1 !


Innate Abilities, Weirdness & Mutations

You are immune to sickness and miasma.
Your stone body is resilient. (AC +4)
You are immune to poison.
You resist negative energy. (rN+)
You are resistant to electric shocks. (rElec)
You are resistant to unholy torment.
You are immune to petrification.


Message History

The endoplasm hits you but does no damage.
The orc wizard casts a spell at you. The puff of flame misses you.
The puff of flame hits the endoplasm.
The endoplasm hits you but does no damage.
The orc wizard hits you with a +2 dagger of draining.
You barely miss the orc wizard.
The orc wizard is almost dead.
The orc wizard completely misses you. You block the endoplasm's attack.
You hit the orc wizard.
The orc wizard is almost dead.
The endoplasm freezes you.
You are frozen.
The orc wizard gestures wildly while chanting.
The orc wizard flickers and vanishes!
Deactivating autopickup; reactivate with Ctrl-A.
You closely miss something.
The endoplasm hits you but does no damage.
Something hits you but does no damage.
You closely miss something. The endoplasm freezes you.
You are frozen.
* * * LOW HITPOINT WARNING * * *
Something hits you but does no damage.
The endoplasm hits you but does no damage.
You hear some strange, mumbled words.
You are confused.
You barely miss something. Something hits you but does no damage.
The endoplasm freezes you.
You are frozen.
* * * LOW HITPOINT WARNING * * *
You're too confused to move!
The endoplasm hits you.
* * * LOW HITPOINT WARNING * * *
Something hits you but does no damage.
You bump into the rock wall.
The endoplasm barely misses you.
You hear some strange, mumbled words.
Something tries to affect you, but you resist.
You closely miss something. The endoplasm freezes you.
You are frozen.
You die...

######### #.......#
#.#####.# #.# #.# #.#
#.# #########.# #.#
##......##.#####J#
.'......'.......@#
##......##.#####{#
#......##'## #.#
#..........# #.#
#..........####.######
##....................#
............####÷####.#
..######....# #.# #.#
..# #########.# #.#


You could see an endoplasm.

Vanquished Creatures
  Terence (D:3)
  An orc wizard (D:3)
  An adder (D:2)
  A worm (D:2)
  6 orcs (D:3)
  9 endoplasms
  6 goblins
  6 hobgoblins
  2 jackals (D:1)
  4 quokkas
  5 ball pythons
  8 bats
  3 frilled lizards
  7 kobolds
  9 rats
69 creatures vanquished.

Notes
Turn   | Place    | Note
-------+----------+-------------------------------------------
     0 | D:1      | Dittersdorf the Gargoyle Fighter began the quest for the
                  | Orb.
     0 | D:1      | Reached XP level 1. HP: 14/14 MP: 1/1
   135 | D:1      | Reached XP level 2. HP: 15/19 MP: 2/2
   703 | D:1      | Reached XP level 3. HP: 23/23 MP: 3/3
   801 | D:1      | Found Ruamiop's Distillery.
  2081 | D:3      | Reached XP level 4. HP: 23/29 MP: 4/4
  2145 | D:3      | Noticed Terence
  2151 | D:3      | Killed Terence
  2433 | D:3      | Found a sacrificial altar of Ru.
  2465 | D:3      | Found a shadowy altar of Dithmenos.
  3064 | D:3      | Reached XP level 5. HP: 29/33 MP: 5/5
  3100 | D:3      | Frozen to death by an endoplasm

Illustrated notes

Levels and vault maps discovered:
D:1:      matt_arrival_diagonals, layout_loops_corners, serial_shops,
          nicolae_lakefront_shop
D:2:      layout_basic
D:3:      layout_basic, mainiacjoe_overflow_two_lobes,
          kennysheep_generic_room_15, uniq_terence
D:4:      layout_loops_ring, mainiacjoe_overflow_alcove_1,
          makhleb_heckhound_becter, minmay_puff, uniq_blork_the_orc,
          uniq_natasha, uniq_robin

Skill      XL: |  1  2  3  4 |
---------------+-------------+-----
Armour         | 4 |  4.2
Shields        | 4 |  4.3
Fighting       | 4 |  4.2
Maces & Flails | 3 |  3.1

Action                     |  1- 3 |  4- 6 || total
---------------------------+-------+-------++-------
  Melee: Flail             |   141 |    83 ||   224
 Armour: Scale mail        |    36 |       ||    36
         Chain mail        |    63 |    67 ||   130
  Dodge: Dodged            |    80 |    27 ||   107
  Block: Buckler           |    41 |    18 ||    59

Table legend: (Time is in decaauts)
 A = Elapsed time spent in this place.
 B = Non-inter-level travel time spent in this place.
 C = Inter-level travel time spent in this place.
 D = Time resting spent in this place.
 E = Time spent auto-exploring this place.
 F = Levels seen in this place.
 G = Mean time per level.
                   A        B        C        D        E       F      G
               +--------+--------+--------+--------+--------+-----+--------+
         Total |   3170 |   3061 |    109 |     16 |   2488 |   4 |  792.5 |
       Dungeon |   3170 |   3061 |    109 |     16 |   2488 |   4 |  792.5 |
               +--------+--------+--------+--------+--------+-----+--------+

Top non-repeatable levels by time:
     D:3: 1059 daAuts
     D:2: 1055 daAuts
     D:1: 1051 daAuts
     D:4: 5 daAuts
